 Dungeon Crawl Stone Soup version 0.17-a0-146-gd505748 (webtiles) character file.

26 BluebellGnoll the Sneak (level 3, -1/19 HPs)
             Began as a Vine Stalker Monk on Mar 25, 2015.
             Slain by a phantom (2 damage)
             ... on level 4 of the Dungeon.
             The game lasted 00:02:14 (639 turns).

BluebellGnoll the Sneak (Vine Stalker Monk)          Turns: 639, Time: 00:02:14

Health: -1/19      AC:  2    Str: 13    XL:     3   Next: 8%
Magic:  0/4        EV: 13    Int: 11    God:
Gold:   135        SH:  0    Dex: 16    Spells: 0 memorised, 2 levels left

rFire  . . .     SeeInvis .       - Unarmed
rCold  . . .     Clarity  .     a - +0 robe
rNeg   + . .     SustAb   .     (no shield)
rPois  .         Gourm    .     (no helmet)
rElec  .         Spirit   +     (no cloak)
rCorr  .         Warding  +     (no gloves)
rMut   .         Stasis   .     (no boots)
MR     +....                    k - amulet of warding
Stlth  +++.......               (no ring)
                                e - ring of protection from magic

@: somewhat resistant to hostile enchantments, fairly stealthy
A: fangs 2, regeneration 1, magic shield, antimagic bite, no device heal 3, rot
immunity
a: no special abilities


You were on level 4 of the Dungeon.
You were not hungry.

You visited 1 branch of the dungeon, and saw 3 of its levels.

You collected 135 gold pieces.

Inventory:

Armour
 a - a +0 robe (worn)
Jewellery
 e - a ring of protection from magic (left hand)
 k - an amulet of warding (around neck)
Scrolls
 c - 3 scrolls of identify {unknown}
 d - 2 scrolls of remove curse {unknown}
 f - 2 scrolls of random uselessness {unknown}
 h - a scroll of fear {unknown}
 i - 2 scrolls of enchant armour {unknown}
 j - a scroll of blinking {unknown}
 m - a scroll of enchant weapon {unknown}
Potions
 l - a potion of heal wounds {unknown}
 o - a potion of cancellation
Comestibles
 b - 2 bread rations
 g - 2 fruits
 n - 2 chunks of flesh


   Skills:
 - Level 2.6 Fighting
 - Level 2.4 Dodging
 + Level 4.4 Stealth
 - Level 4.0 Unarmed Combat


You had 2 spell levels left.
You didn't know any spells.

Dungeon Overview and Level Annotations

Branches:
Dungeon (4/15)
 Temple: D:4-7

Altars:


Innate Abilities, Weirdness & Mutations

You have extremely sharp teeth.
Your natural rate of healing is unusually fast.
When hurt, damage is shared between your health and your magic reserves.
Your bite disrupts and absorbs the magic of your enemies.
Potions and wands cannot restore your health.
You are immune to rotting.


Message History

You are too injured to fight recklessly!
You are too injured to fight recklessly!
You are too injured to fight recklessly!
You are too injured to fight recklessly!
You are too injured to fight recklessly!
You are too injured to fight recklessly!
You are too injured to fight recklessly!
You are too injured to fight recklessly!
You are too injured to fight recklessly!
You are too injured to fight recklessly!
You are too injured to fight recklessly!
You are too injured to fight recklessly!
You are too injured to fight recklessly!
You are too injured to fight recklessly!
You are too injured to fight recklessly!
You are too injured to fight recklessly!
Drink which item? (? for menu, Esc to quit)
It was a potion of cancellation.
You feel magically purged. The phantom hits you.
You die...

#....'............#.....#.
#....#...........>'.....+.
###########'####.##.##+###.....#+
#..............#.##.# ...........
#..............#....#............
#..............+....#............
#..............#....#............
#..............#W...+............
#..............#@...# ...........
#..............#....# ........
#..............#'####... ....w.
##......####'#........... +##
#......#....+..........
+......#....#..........
......+....#..........
.....#....#.........
....#....#........


You could see a phantom.

Vanquished Creatures
  An ooze (D:2)
  3 bats (D:1)
  A bat skeleton (D:4)
  A giant cockroach (D:1)
  5 goblins
  2 hobgoblins (D:1)
  4 jackals (D:1)
  A giant newt (D:1)
  A kobold (D:1)
  2 rats (D:1)
21 creatures vanquished.

Notes
Turn   | Place    | Note
--------------------------------------------------------------
     0 | D:1      | BluebellGnoll, the Vine Stalker Monk, began the quest for the Orb.
     0 | D:1      | Reached XP level 1. HP: 11/11 MP: 1/1
     2 | D:1      | Noticed an elf
     2 | D:1      | Noticed a formicid
     4 | D:1      | Noticed a tengu
     4 | D:1      | Noticed a gargoyle
     6 | D:1      | Noticed a demigod
     6 | D:1      | Noticed a centaur
     8 | D:1      | Noticed a merfolk
    10 | D:1      | Noticed a dwarf
    10 | D:1      | Noticed an ogre
    12 | D:1      | Noticed a vine stalker
    14 | D:1      | Noticed a naga
    14 | D:1      | Noticed a spriggan
    16 | D:1      | Noticed a vampire
    18 | D:1      | Noticed a ghoul
    18 | D:1      | Noticed a minotaur
    20 | D:1      | Noticed a demonspawn
    22 | D:1      | Noticed a felid
    24 | D:1      | Noticed a human
    24 | D:1      | Noticed an octopode
    26 | D:1      | Noticed a troll
    26 | D:1      | Noticed a draconian
   107 | D:1      | Reached XP level 2. HP: 8/16 MP: 0/3
   496 | D:2      | Reached XP level 3. HP: 17/19 MP: 2/4
   520 | D:2      | You fall through a shaft for 2 floors!
   593 | D:4      | Noticed a phantom
   639 | D:4      | Slain by a phantom

Action                   || total
-------------------------++-------
Melee: Unarmed           ||    77
  Use: Potion            ||     1
 Stab: Sleeping          ||     2
